 Dungeon Crawl Stone Soup version 0.22-a0-571-g4a923d4b9e (webtiles) character file.

24 Lucibear the Ducker (level 3, 22/30 HPs)
             Began as a Ghoul Gladiator on July 1, 2018.
             Quit the game on level 1 of the Dungeon on July 4, 2018.
             The game lasted 00:03:59 (349 turns).

Lucibear the Ducker (Ghoul Gladiator)                Turns: 349, Time: 00:04:00

Health: 22/30      AC:  4    Str: 18    XL:     3   Next: 2%
Magic:  2/2        EV: 12    Int:  3    God:
Gold:   28         SH:  0    Dex: 10    Spells: 2/2 levels left

rFire    . . .     SeeInvis .   e - +1 spear (flame)
rCold    + . .     Gourm    .   (no shield)
rNeg     + + +     Faith    .   b - +0 leather armour
rPois    ∞         Spirit   .   c - +0 helmet
rElec    .         Reflect  .   (no cloak)
rCorr    .         Harm     .   (no gloves)
MR       .....                  (no boots)
Stlth    +.........             (no amulet)
HPRegen  0.00/turn              (no ring)
MPRegen  0.08/turn              (no ring)

@: rotting
A: rotting body, claws 1, carnivore, cold resistance 1, negative energy
resistance 3, inhibited regeneration, torment resistance, unbreathing
a: no special abilities


You were on level 1 of the Dungeon.
You were not hungry.

You visited 1 branch of the dungeon, and saw 1 of its levels.

You collected 28 gold pieces.

Inventory:

Hand Weapons
 a - a +0 flail
 e - a +1 spear of flaming (weapon)
Missiles
 d - 3 throwing nets (quivered)
Armour
 b - a +0 leather armour (worn)
 c - a +0 helmet (worn)
Scrolls
 g - a scroll of random uselessness {unknown}
 j - a scroll of magic mapping {unknown}
 k - a scroll of identify {unknown}
Potions
 i - a potion of might {unknown}
Comestibles
 f - 2 rations
 h - 9 chunks of flesh


   Skills:
 + Level 2.6 Fighting
 - Level 2.6 Maces & Flails
 * Level 1.5 Polearms
 - Level 1.7 Throwing
 + Level 0.9 Armour
 - Level 2.6 Dodging


You had 2 spell levels left.
You didn't know any spells.
Your spell library was empty.

Dungeon Overview and Level Annotations

Branches:
Dungeon (1/15)

Altars:


Innate Abilities, Weirdness & Mutations

Your body is rotting away.
You thrive on raw meat.
You are immune to poison.
You have sharp fingernails.
You are carnivorous and can eat meat at any time.
Your flesh is cold resistant. (rC+)
You are immune to negative energy. (rN+++)
You do not regenerate when monsters are visible.
You are immune to unholy pain and torment.
You can survive without breathing.


Message History

Found a stone staircase leading down.
A rat and a giant cockroach come into view.
You see here a scroll labeled MUAMUZOISE.
k - a scroll labeled MUAMUZOISE Attack whom?
Press: ? - help, Dir - move target cursor, f - giant cockroach
Aim: a giant cockroach (clinging)
You reach to attack!
You barely miss the giant cockroach. You hit the giant cockroach.
You burn the giant cockroach.
You kill the giant cockroach!
You have reached level 3!
Your experience leads to an increase in your attributes!
Increase (S)trength, (I)ntelligence, or (D)exterity?
Uppercase letters only, please.
You feel stronger.
Welcome back, Lucibear the Ghoul Gladiator.
Press ? for a list of commands and other information.
Quiver which item? (- for none, * to show all) (? for menu, Esc to quit)
Okay, then.
Are you sure you want to abandon this character and quit the game? (Confirm with "yes".)

#..........# ###
#..........# ...###
#..........# #.#.###
#....))..).# #.....#
#####÷##.### #...##
#()#....
#.#..#######.#....
###.###.##..........#...
......†@###..#####..#...
........# ##.# #..#...
.....r... #.# #......
.........# #.# ##.....
........># #.. #.....
........## ##. ##....
.......## .# #....
###.#.# .# #...# #...#


You could see a rat.

Vanquished Creatures
  A dart slug (D:1)
  3 leopard geckos (D:1)
  2 bats (D:1)
  2 giant cockroaches (D:1)
  3 hobgoblins (D:1)
  2 goblins (D:1)
  A kobold (D:1)
  4 rats (D:1)
18 creatures vanquished.

Notes
Turn   | Place    | Note
-------+----------+-------------------------------------------
     0 | D:1      | Lucibear the Ghoul Gladiator began the quest for the Orb.
     0 | D:1      | Reached XP level 1. HP: 17/17 MP: 0/0
   222 | D:1      | Reached XP level 2. HP: 25/25 MP: 1/1
   231 | D:1      | Reached skill level 1 in Polearms
   348 | D:1      | Reached XP level 3. HP: 22/30 MP: 2/2
   349 | D:1      | Quit the game

Vault maps used:
D:1:      dpeg_arrival_concentric_ovals, minmay_pentomino_x4

Skill      XL: |  1  2 |
---------------+-------+-----
Polearms       | 1 |  1.5
Fighting       | |  2.6
Maces & Flails | |  2.6
Throwing       | |  1.7
Armour         | |  0.9
Dodging        | |  2.6

Action                   || total
-------------------------++-------
Melee: Spear             ||    36
  Eat: Chunk             ||     3
Armor: Leather armour    ||     7
Dodge: Dodged            ||    16

Table legend:
 A = Spawn XP
 B = Non-spawn XP
 C = Spawn XP percentage of total XP
 D = Spawn monster count
 E = Non-spawn monster count
 F = Spawn count percentage of total count
 G = Total turns spent on level
                    A         B        C        D         E        F      G
               +---------+---------+-------+---------+---------+-------+---------
         Total |       0 |      35 |   0.0 |       0 |      18 |   0.0 |   349
               +---------+---------+-------+---------+---------+-------+---------
           D:1 |       0 |      35 |   0.0 |       0 |      18 |   0.0 |   349
               +---------+---------+-------+---------+---------+-------+---------
